 Dungeon Crawl Stone Soup version 0.24.1-4-ge52af88ad5 (webtiles) character file.

Game seed: 11297709801081793742, levelgen mode: deterministic

1697 Jakon the Archer (level 8, -1/69 HPs)
             Began as a Centaur Hunter on Apr 16, 2020.
             Was an Initiate of Okawaru.
             Splashed by a brown ugly thing's acid (8 damage)
             ... on level 7 of the Dungeon.
             The game lasted 00:44:09 (8234 turns).

Jakon the Archer (Centaur Hunter)                   Turns: 8234, Time: 00:44:09

Health: -1/69      AC:  7    Str: 21    XL:     8   Next: 72%
Magic:  18/18      EV:  6    Int: 12    God:    Okawaru [......]
Gold:   250        SH:  0    Dex: 11    Spells: 7/7 levels left

rFire    . . .     SeeInvis .   e - +10 short sword of Discord {pierce, rElec rPois rC- Int+2}
rCold    + . .     Gourm    .   (no shield)
rNeg     . . .     Faith    .   c - +2 scale mail {rC+}
rPois    +         Spirit   .   w - +0 helmet
rElec    +         Reflect  .   (no cloak)
rCorr    .         Harm     .   x - +0 pair of gloves
MR       .....                  m - +0 centaur barding
Stlth    ..........             (no amulet)
HPRegen  0.21/turn              n - ring of protection from cold
MPRegen  0.16/turn              i - ring of magical power

@: mighty, corroded, very quick
A: large, hooves 3, deformed body, speed 2, tough skin 3
a: Renounce Religion


You were on level 7 of the Dungeon.
You worshipped Okawaru.
Okawaru was noncommittal.
You were not hungry.

You visited 2 branches of the dungeon, and saw 8 of its levels.

You collected 250 gold pieces.

Inventory:

Hand Weapons
 a - a +1 shortbow
 e - the +10 short sword of Discord (weapon) {pierce, rElec rPois rC- Int+2}
   (You found it on level 5 of the Dungeon)

   It inflicts extra damage upon your enemies.
   It affects your intelligence (+2).
   It makes you vulnerable to cold.
   It insulates you from electricity.
   It protects you from poison.
Missiles
 d - 24 arrows
Armour
 c - a +2 scale mail of cold resistance (worn)
 m - a +0 centaur barding (worn)
 w - a +0 helmet (worn)
 x - a +0 pair of gloves (worn)
Jewellery
 i - a ring of magical power (right hand)
 n - a ring of protection from cold (left hand)
Scrolls
 h - 2 scrolls of magic mapping {unknown}
 q - a scroll of remove curse {unknown}
 r - 2 scrolls of teleportation {unknown}
 s - 2 scrolls of blinking {unknown}
 u - a scroll of amnesia {unknown}
Potions
 b - 2 potions of ambrosia {unknown}
 g - 3 potions of haste
 j - a potion of mutation {unknown}
 k - a potion of degeneration {unknown}
 l - 3 potions of brilliance {unknown}
 o - 3 potions of curing {unknown}
 p - a potion of magic {unknown}
 v - a potion of flight {unknown}
 A - a potion of heal wounds {unknown}
Comestibles
 f - 5 rations
 t - 8 chunks of flesh


   Skills:
 + Level 5.5 Fighting
 + Level 2.9 Short Blades
   Level 0.1(1.7) Long Blades
 + Level 10.8 Bows
 - Level 2.4 Armour
 - Level 2.7 Dodging
 - Level 0.8 Stealth
 + Level 2.5 Invocations


You had 7 spell levels left.
You didn't know any spells.
Your spell library contained the following spells:

 Spells                   Type           Power        Failure   Level  Hunger
 Magic Dart               Conj           #...         65%         1    ##.....
 Searing Ray              Conj           #.....       80%         2    ###....
 Dazzling Spray           Conj/Hex       #.....       95%         3    ####...
 Force Lance              Conj/Tloc      #.......     100%        4    #####..
 Fulminant Prism          Conj/Hex       #.........   100%        4    #####..
 Iskenderun's Mystic Bla  Conj           #.......     100%        4    #####..


Dungeon Overview and Level Annotations

Branches:
Dungeon (7/15)             Temple (1/1) D:4

Altars:
Ashenzari
Cheibriados
Dithmenos
Elyvilon
Fedhas
Gozag
Hepliaklqana
Kikubaaqudgha
Makhleb
Nemelex Xobeh
Okawaru
Qazlal
Ru
Sif Muna
Trog
Uskayaw
Vehumet
Wu Jian
Xom
Yredelemnul
Zin
The Shining One


Innate Abilities, Weirdness & Mutations

You have hooves in place of feet.
Armour fits poorly on your strangely shaped body.
You cover ground very quickly.
You have extremely tough skin. (AC +3)


Message History

The brown ugly thing is moderately wounded.
The brown ugly thing headbutts you! The acid corrodes you!
You are splashed with acid!
You puncture the brown ugly thing!
The brown ugly thing is heavily wounded.
The brown ugly thing headbutts you but does no damage.
You hit the brown ugly thing.
The brown ugly thing is heavily wounded.
The brown ugly thing headbutts you. The acid corrodes you!
You are splashed with acid.
You hit the brown ugly thing. You kick the brown ugly thing!
The brown ugly thing is severely wounded.
The brown ugly thing headbutts you!
You are splashed with acid!
* * * LOW HITPOINT WARNING * * *
You puncture the brown ugly thing! You kick the brown ugly thing.
The brown ugly thing is almost dead.
The brown ugly thing headbutts you!
* * * LOW HITPOINT WARNING * * *
You are splashed with acid!
You die...

##.##.####
#..#.#
##.#.#
#.#.#
#>..#
##..# #.{#
##u# #@#
#.# #.#
#.# #.#
#.# #.#
#.# #.#


You could see a brown ugly thing.

Vanquished Creatures
  Sigmund (D:2)
  Eustachio (D:4)
  Edmund (D:4)
  2 ogres
  2 orc warriors
  2 bullfrogs (D:6)
  A scorpion (D:6)
  A crimson imp (D:5)
  An orc wizard (D:3)
  5 orc priests
  Natasha (thrice) (D:2)
  2 iguanas
  9 worker ants
  Robin (D:4)
  6 adders
  An adder skeleton (D:4)
  3 worms
  A dart slug (D:1)
  4 leopard geckos
  14 orcs
  8 bats
  5 giant cockroaches
  19 goblins
  12 hobgoblins
  6 jackals
  A quokka (D:3)
  2 ball pythons
  4 frilled lizards
  7 kobolds
  4 rats
129 creatures vanquished.

Notes
Turn   | Place    | Note
-------+----------+-------------------------------------------
     0 | D:1      | Jakon the Centaur Hunter began the quest for the Orb.
     0 | D:1      | Reached XP level 1. HP: 17/17 MP: 1/1
   287 | D:1      | Reached XP level 2. HP: 14/24 MP: 2/2
   467 | D:1      | Reached skill level 6 in Bows
   995 | D:1      | You fall into a shaft and drop 1 floor!
  1006 | D:2      | Reached XP level 3. HP: 21/29 MP: 3/3
  1741 | D:2      | Noticed Natasha
  1768 | D:2      | Killed Natasha
  1768 | D:2      | Reached skill level 7 in Bows
  1768 | D:2      | Reached XP level 4. HP: 13/37 MP: 4/4
  2225 | D:2      | Noticed Sigmund
  2254 | D:2      | Killed Sigmund
  2254 | D:2      | Reached skill level 1 in Short Blades
  2254 | D:2      | Reached skill level 1 in Armour
  2254 | D:2      | Reached XP level 5. HP: 29/45 MP: 5/5
  2470 | D:2      | Noticed Natasha
  2473 | D:2      | Killed Natasha
  2473 | D:2      | Reached XP level 6. HP: 51/51 MP: 6/6
  2582 | D:2      | Noticed Natasha
  2595 | D:2      | Killed Natasha
  2595 | D:2      | Reached skill level 8 in Bows
  3111 | D:3      | Found a glowing silver altar of Zin.
  3260 | D:3      | Found a snail-covered altar of Cheibriados.
  3691 | D:4      | Found a staircase to the Ecumenical Temple.
  3703 | D:4      | Noticed Eustachio
  3740 | D:4      | Killed Eustachio
  3740 | D:4      | Reached skill level 9 in Bows
  3740 | D:4      | Reached XP level 7. HP: 57/57 MP: 7/7
  3969 | D:4      | Noticed Robin
  3975 | D:4      | Killed Robin
  4938 | Temple   | Entered the Ecumenical Temple
  5203 | D:5      | Entered Level 5 of the Dungeon
  5213 | D:5      | Got a warped short sword
  5325 | D:5      | Found a hazy altar of Hepliaklqana.
  5379 | D:5      | Found an iron altar of Okawaru.
  5387 | D:5      | Noticed Edmund
  5976 | D:5      | HP: 3/60 [orc warrior/+0 scimitar (12)]
  6498 | D:4      | Identified the +10 short sword of Discord {pierce, rElec
                  | rPois rC- Int+2} (You found it on level 5 of the Dungeon)
  6790 | D:4      | Killed Edmund
  6790 | D:4      | Reached skill level 10 in Bows
  6790 | D:4      | Reached XP level 8. HP: 50/67 MP: 8/8
  7081 | D:5      | Found a shimmering blue altar of Sif Muna.
  7081 | D:5      | Found a sparkling altar of Nemelex Xobeh.
  7087 | D:5      | Found a blossoming altar of Fedhas.
  7098 | D:5      | Found a sacrificial altar of Ru.
  7132 | D:5      | Became a worshipper of Warmaster Okawaru
  7184 | D:6      | Reached skill level 5 in Fighting
  7191 | D:6      | Reached skill level 1 in Invocations
  8211 | D:7      | Noticed a brown ugly thing
  8234 | D:7      | Splashed by a brown ugly thing's acid

Levels and vault maps discovered:
D:1:      ncdulo_halloftheorcs, layout_basic, minmay_door_square,
          roderic_roman_lattice
D:2:      layout_basic, uniq_natasha, uniq_sigmund
D:3:      layout_basic, zin_statuary, first_ration, cheibriados_altar_1
D:4:      kennysheep_goblin_castle, layout_loops_ring,
          minmay_temple_entry_sparse_star, chequers_serial_rivers_small_b,
          nrook_mini_backslash, uniq_eustachio
D:5:      layout_rooms, minitemple, basic_altar, uniq_edmund
D:6:      layout_basic, hangedman_decor_push
D:7:      layout_basic, marbit_many_paths, grunt_livestock, uniq_pikel
Temple:   minmay_temple_curvy_branch

Skill      XL: |  1  2  3  4  5  6  7  8 |
---------------+-------------------------+-----
Bows           | 6 7 9 10 | 10.8
Fighting       | 3 4 5 |  5.5
Short Blades   | 1 2 |  2.9
Armour         | 1 2 |  2.4
Dodging        | 2 |  2.7
Invocations    | 2 |  2.5
Long Blades    | |  0.1
Stealth        | |  0.8

Action                   |  1- 3 |  4- 6 |  7- 9 || total
-------------------------+-------+-------+-------++-------
Melee: Short sword       |    37 |    18 |   103 ||   158
       Kick              |     9 |     7 |    32 ||    48
       Falchion          |       |       |    52 ||    52
 Fire: Shortbow          |    82 |   128 |   135 ||   345
  Use: Scroll            |       |       |     4 ||     4
       Potion            |       |       |     1 ||     1
  Eat: Chunk             |     1 |     5 |     5 ||    11
       Ration            |       |       |     2 ||     2
Armor: Leather armour    |    32 |    16 |    34 ||    82
       Ring mail         |       |       |    60 ||    60
       Scale mail        |       |       |    35 ||    35
Dodge: Dodged            |    42 |    12 |    76 ||   130
       Rpst.: Falchion   |       |       |    10 ||    10
